 Dungeon Crawl Stone Soup version 0.31.0 (webtiles) character file.

Game seed: 2430722352316023717

49 qw the Shooter (level 3, -3/22 HPs)
             Began as a Gargoyle Hunter on Jan 19, 2024.
             Killed from afar by Terence (7 damage)
             ... with a puff of flame
             ... on level 2 of the Dungeon.
             The game lasted 00:00:03 (854 turns).

qw the Shooter (Gargoyle Hunter)                     Turns: 854, Time: 00:00:04

Health: -3/22      AC:  8    Str: 11 (14) XL:     3   Next: 77%
Magic:  0/3        EV: 11    Int:  7 (9)  God:
Gold:   42         SH:  0    Dex: 14 (15) Spells: 2/2 levels left

rFire   . . .        a - +0 shortbow
rCold   . . .        (shield currently unavailable)
rNeg    + . .        c - +0 leather armour
rPois   inf          (no helmet)
rElec   +            (no cloak)
rCorr   .            d - +1 pair of gloves
SInv    .            (no boots)
Will    .....        i - amulet of guardian spirit
Stlth   +            (no ring)
HPRegen 0.23/turn    (no ring)
MPRegen 0.08/turn

%: guardian spirit
@: no status effects
A: sickness immunity, AC +3, negative energy resistance 1, electricity
resistance, torment resistance 1, petrification resistance
a: no special abilities


You were on level 2 of the Dungeon.
You visited 1 branch of the dungeon, and saw 2 of its levels.

You collected 42 gold pieces.


Innate Abilities, Weirdness & Mutations

You are immune to sickness and miasma.
Your stone body is resilient. (AC +3)
You are immune to poison.
You resist negative energy. (rN+)
You are resistant to electric shocks. (rElec)
You are resistant to unholy torment.
You are immune to petrification.


   Skills:
 + Level 2.9 Fighting
 - Level 5.0 Ranged Weapons
 - Level 1.5 Dodging
 - Level 1.1 Stealth


You had 2 spell levels left.
You didn't know any spells.
Your spell library was empty.

Inventory:

Hand Weapons
 a - a +0 shortbow (weapon)
Armour
 c - a +0 leather armour (worn)
 d - a +1 pair of gloves (worn)
Jewellery
 i - an amulet of guardian spirit (around neck)
Potions
 e - a potion of might {unknown}
 f - a potion of curing
 g - a potion of heal wounds {unknown}

Dungeon Overview and Level Annotations

Branches:
Dungeon (2/15)

Altars:

Annotations:
D:2 Terence


Message History

You shoot an arrow. The arrow barely misses Terence.
Terence hits you but does no damage.
You shoot an arrow.
The arrow hits Terence but does no damage.
Terence is lightly wounded.
Terence hits you with a +0 short sword.
You shoot an arrow. The arrow barely misses Terence.
Terence misses you.
Terence zaps a wand.
The puff of flame hits you!
Ouch! That really hurt!
You shoot an arrow. The arrow hits Terence.
Terence is moderately wounded.
Terence hits you but does no damage.
You shoot an arrow. The arrow hits Terence.
Terence is heavily wounded.
Terence screams, "I'm going to kill you!"
Terence hits you with a +0 short sword.
You shoot an arrow. The arrow barely misses Terence.
Terence barely misses you.
You shoot an arrow.
The arrow hits Terence but does no damage.
Terence is heavily wounded.
Terence zaps a wand.
The puff of flame hits you.
You shoot an arrow. The arrow hits Terence.
Terence is severely wounded.
Terence zaps a wand.
The puff of flame misses you. Terence hits you with a +0 short sword.
You shoot an arrow.
The arrow hits Terence but does no damage.
Terence is heavily wounded.
Terence hits you but does no damage.
You shoot an arrow.
The arrow hits Terence but does no damage.
Terence is heavily wounded.
Terence closely misses you.
You shoot an arrow. The arrow barely misses Terence.
Terence barely misses you.
You shoot an arrow. The arrow barely misses Terence.
Terence zaps a wand.
The puff of flame hits you!
You die...
Terence says, "Rest in peace."

#.#...............
#.#....##............
#.#.................##
.(....####.#...##.... #
#.#...####.#...# ...##.#
..............## ......#
#.#.#.####.#.## ......#
#.........<..####@....##
###......##.....@......#
#.....................
#.........###########.
#.%.......# #.#%#'###.#
#.#.#.# #.# ......%.#
... ..............
############


You could see Terence.

Vanquished Creatures
  3 adders (D:2)
  A ball python (D:1)
  3 bats (D:1)
  2 endoplasms
  3 goblins (D:1)
  A hobgoblin (D:1)
  4 jackals (D:1)
  2 frilled lizards (D:1)
  A kobold (D:1)
  2 rats
22 creatures vanquished.

Notes
Turn   | Place    | Note
-------+----------+-------------------------------------------
     0 | D:1      | qw the Gargoyle Hunter began the quest for the Orb.
     0 | D:1      | Reached XP level 1. HP: 12/12 MP: 1/1
     0 | D:1      | 0 ||| qw: Version: 0.3-a-132-g3d54051
     0 | D:1      | 0 ||| qw: Game counter: 82
     0 | D:1      | 0 ||| qw: Melee chars always use a shield: true
     0 | D:1      | 0 ||| qw: God list: Okawaru
     0 | D:1      | 0 ||| qw: Allow faded altars: false
     0 | D:1      | 0 ||| qw: Do Orc after clearing Dungeon:15 true
     0 | D:1      | 0 ||| qw: Do second Lair branch before Depths: true
     0 | D:1      | 0 ||| qw: Lair rune preference: random
     0 | D:1      | 0 ||| qw: Goals: Normal
     0 | D:1      | 0 ||| PLANNING D:1-11
   158 | D:1      | Reached XP level 2. HP: 17/17 MP: 2/2
   593 | D:1      | 593 ||| UPGRADING to amulet of guardian spirit.
   598 | D:1      | 598 ||| READING scroll labelled ZEPRO XUIM.
   598 | D:1      | 598 ||| IDENTIFYING golden potion
   599 | D:1      | 599 ||| READING scroll labelled KUAQIYD ENLUA.
   600 | D:1      | 600 ||| READING scroll labelled TIANUXKEIZE.
   601 | D:1      | 601 ||| READING scroll labelled IHERPH AHUOBY.
   602 | D:1      | 602 ||| READING scroll labelled SIALELU AWAGUPS.
   606 | D:1      | 606 ||| DROPPING scroll of butterflies.
   732 | D:2      | 732 ||| RETREEEEATING.
   733 | D:2      | 733 ||| RETREEEEATING.
   739 | D:2      | Reached skill level 5 in Ranged Weapons
   739 | D:2      | Reached XP level 3. HP: 16/21 MP: 3/3
   753 | D:2      | 753 ||| FLEEEEING.
   760 | D:2      | 760 ||| STAIRDANCE
   819 | D:1      | 819 ||| UPGRADING to +1 pair of gloves.
   824 | D:1      | 824 ||| DRINKING 2 fizzy purple potions.
   825 | D:1      | 825 ||| DROPPING potion of degeneration.
   833 | D:2      | Noticed Terence
   849 | D:2      | HP: 4/22 [Terence/puff of flame (4)]
   854 | D:2      | Killed from afar by Terence

Levels and vault maps discovered:
D:1:      grunt_arrival_crossed_arrows, layout_basic, minmay_misc_feat_roman
D:2:      layout_basic, uniq_terence, uniq_crazy_yiuf_cottage

Skill      XL: |  1  2 |
---------------+-------+-----
Ranged Weapons | 5 |  5.0
Fighting       | |  2.9
Dodging        | |  1.5
Stealth        | |  1.1

Action                     || total
---------------------------++-------
   Fire: Shortbow          ||    90
    Use: Scroll            ||     5
         Potion            ||     1
 Armour: Leather armour    ||    49
  Dodge: Dodged            ||    40

Table legend:
 A = Non-vault XP
 B = Vault XP
 C = Vault XP percentage of total XP
 D = Non-vault monster count
 E = Vault monster count
 F = Vault count percentage of total count
                 A         B        C        D         E       F
            +---------+---------+-------+---------+---------+-------
      Total |      71 |       0 |   0.0 |      22 |       0 |   0.0
            +---------+---------+-------+---------+---------+-------
        D:1 |      28 |       0 |   0.0 |      17 |       0 |   0.0
        D:2 |      43 |       0 |   0.0 |       5 |       0 |   0.0
            +---------+---------+-------+---------+---------+-------
